[ AOE2 MATCH · #505051444 ]
UnrankedVietnamese vs Magyars
[ REPLAY ANALYSIS · EXTRACTED FROM THE RECORDED GAME ]
Feudal
9:17
Castle
22:35
Imperial
—
| APM avg | 34.2 |
| APM peak | 48 |
| eAPM avg | 18.4 |
| Villagers / military | 118 / 95 |
Focus
⚔️ 32.6% · 🌾 67.4%
Cavalry Archer ×52 · Archer ×28 · Spearman ×10 · Militia ×2 · Skirmisher ×2 · Fire Lancer ×1
Feudal
9:05
Castle
26:06
Imperial
—
| APM avg | 35.4 |
| APM peak | 71 |
| eAPM avg | 16.3 |
| Villagers / military | 92 / 81 |
Focus
⚔️ 35.9% · 🌾 64.1%
Scout Cavalry ×42 · Knight ×39
Feudal
8:54
Castle
19:49
Imperial
—
| APM avg | 47.5 |
| APM peak | 82 |
| eAPM avg | 24.0 |
| Villagers / military | 133 / 146 |
Focus
⚔️ 34.4% · 🌾 65.6%
Knight ×133 · Obuch ×8 · Scout Cavalry ×5
Feudal
9:16
Castle
23:08
Imperial
—
| APM avg | 43.2 |
| APM peak | 77 |
| eAPM avg | 21.9 |
| Villagers / military | 101 / 80 |
Focus
⚔️ 31.4% · 🌾 68.6%
Fire Lancer ×45 · Archer ×18 · Battering Ram ×12 · Spearman ×2 · Skirmisher ×2 · Mangonel ×1
Match map
Initial resources + every placement click. Lines = walls · curves = elevation contours. ◆ gold · ⬟ stone · ● berries · ✦ relic · ◌ wall gap
Your base· Open — unwalled flank
LMG_Leonardo's base· Open — opponent sealed themselves in
Yo's base· Open — 7t gap
LMG_SON SABANDIJAS's base· ✓ Closed at 23:08 · 47t walls · 2 gate(s)
Smoothed initial terrain · ◌ = detected wall gap · hover for details
Inputs per minute
— Via - - LMG_Leonardo
Build order — Via
First 150 of 305 actions detected
| 0:01 | Queue | Villager (Male) |
| 0:01 | Queue | Villager (Male) |
| 0:03 | Build | House |
| 0:04 | Build | House |
| 0:14 | Queue | Villager (Male) |
| 0:14 | Queue | Villager (Male) |
| 1:28 | Queue | Villager (Male) |
| 1:51 | Queue | Villager (Male) |
| 1:51 | Queue | Villager (Male) |
| 2:01 | Build | Lumber Camp |
| 2:24 | Queue | Villager (Male) |
| 2:25 | Queue | Villager (Male) |
| 2:31 | Queue | Villager (Male) |
| 3:22 | Queue | Villager (Male) |
| 3:22 | Queue | Villager (Male) |
| 3:26 | Queue | Villager (Male) |
| 3:27 | Queue | Villager (Male) |
| 3:33 | Build | House |
| 3:50 | Queue | Villager (Male) |
| 3:50 | Queue | Villager (Male) |
| 4:25 | Queue | Villager (Male) |
| 4:30 | Queue | Villager (Male) |
| 4:30 | Queue | Villager (Male) |
| 4:44 | Queue | Villager (Male) |
| 4:45 | Queue | Villager (Male) |
| 5:09 | Queue | Villager (Male) |
| 5:20 | Queue | Villager (Male) |
| 5:21 | Build | Mill |
| 6:14 | Research | Loom |
| 7:06 | Research | Feudal Age |
| 7:11 | Build | Lumber Camp |
| 7:43 | Build | Mining Camp |
| 7:55 | Build | House |
| 8:01 | Queue | Villager (Male) |
| 8:45 | Queue | Villager (Male) |
| 9:00 | Build | Barracks |
| 9:17 | Age | Feudal Age |
| 9:18 | Build | Palisade Wall |
| 9:19 | Build | Palisade Wall |
| 9:26 | Build | House |
| 9:29 | Research | Double-Bit Axe |
| 9:31 | Research | Town Watch |
| 9:32 | Queue | Villager (Male) |
| 9:45 | Build | Palisade Wall |
| 9:47 | Build | Palisade Wall |
| 9:51 | Queue | Spearman |
| 9:56 | Queue | Villager (Male) |
| 9:57 | Queue | Villager (Male) |
| 10:16 | Build | Archery Range |
| 10:27 | Queue | Spearman |
| 10:28 | Queue | Villager (Male) |
| 10:28 | Queue | Villager (Male) |
| 10:31 | Build | Farm |
| 10:49 | Build | House |
| 11:11 | Build | Farm |
| 11:18 | Build | House |
| 11:21 | Queue | Villager (Male) |
| 11:22 | Queue | Villager (Male) |
| 11:26 | Queue | Villager (Male) |
| 11:26 | Queue | Villager (Male) |
| 11:33 | Queue | Archer |
| 11:33 | Queue | Archer |
| 11:33 | Queue | Archer |
| 11:41 | Build | Farm |
| 11:57 | Build | Palisade Wall |
| 12:06 | Build | Farm |
| 12:08 | Queue | Villager (Male) |
| 12:15 | Build | Farm |
| 12:18 | Build | House |
| 12:21 | Build | Palisade Wall |
| 12:30 | Queue | Archer |
| 12:30 | Queue | Archer |
| 12:40 | Build | Farm |
| 12:49 | Research | Horse Collar |
| 12:52 | Build | Farm |
| 13:11 | Research | Wheelbarrow |
| 13:21 | Queue | Archer |
| 13:35 | Build | Blacksmith |
| 13:44 | Queue | Villager (Male) |
| 13:45 | Queue | Villager (Male) |
| 13:49 | Build | Palisade Wall |
| 13:55 | Queue | Villager (Male) |
| 13:59 | Queue | Archer |
| 14:10 | Queue | Spearman |
| 14:20 | Build | Farm |
| 14:30 | Queue | Archer |
| 14:30 | Queue | Archer |
| 14:47 | Queue | Archer |
| 14:56 | Research | Fletching |
| 14:56 | Research | Fletching |
| 15:23 | Queue | Archer |
| 15:23 | Queue | Archer |
| 15:30 | Build | Archery Range |
| 15:37 | Queue | Villager (Male) |
| 15:37 | Queue | Villager (Male) |
| 15:37 | Queue | Villager (Male) |
| 15:41 | Build | Palisade Wall |
| 15:44 | Queue | Villager (Male) |
| 15:47 | Build | House |
| 16:05 | Queue | Villager (Male) |
| 16:12 | Build | Palisade Wall |
| 16:27 | Build | House |
| 16:35 | Build | Farm |
| 16:46 | Queue | Villager (Male) |
| 17:04 | Queue | Villager (Male) |
| 17:04 | Queue | Villager (Male) |
| 17:25 | Build | Market |
| 17:49 | Build | Farm |
| 17:49 | Build | Farm |
| 17:49 | Build | Farm |
| 17:49 | Build | Farm |
| 18:20 | Queue | Villager (Male) |
| 18:20 | Queue | Villager (Male) |
| 18:33 | Research | Padded Archer Armor |
| 18:47 | Build | Market |
| 18:59 | Queue | Spearman |
| 19:11 | Queue | Archer |
| 19:11 | Queue | Archer |
| 19:13 | Build | House |
| 19:18 | Build | Farm |
| 19:21 | Build | House |
| 19:48 | Build | House |
| 19:55 | Research | Castle Age |
| 20:05 | Queue | Archer |
| 20:05 | Queue | Archer |
| 20:05 | Queue | Archer |
| 20:12 | Queue | Archer |
| 20:13 | Queue | Archer |
| 20:13 | Queue | Archer |
| 20:21 | Queue | Archer |
| 20:22 | Queue | Archer |
| 20:24 | Build | Archery Range |
| 20:25 | Queue | Archer |
| 20:26 | Queue | Archer |
| 20:45 | Queue | Archer |
| 20:45 | Queue | Archer |
| 20:49 | Research | Gold Mining |
| 20:52 | Build | Palisade Wall |
| 20:53 | Build | Palisade Wall |
| 21:26 | Queue | Spearman |
| 21:26 | Queue | Spearman |
| 21:35 | Queue | Militia |
| 21:36 | Queue | Militia |
| 21:49 | Build | House |
| 22:05 | Build | House |
| 22:27 | Queue | Spearman |
| 22:27 | Queue | Spearman |
| 22:33 | Queue | Spearman |
| 22:33 | Queue | Spearman |
| 22:35 | Age | Castle Age |
Build order — LMG_Leonardo
First 150 of 276 actions detected
| 0:01 | Queue | Villager (Male) |
| 0:01 | Queue | Villager (Male) |
| 0:01 | Queue | Villager (Male) |
| 0:01 | Queue | Villager (Male) |
| 0:02 | Build | House |
| 0:04 | Build | House |
| 1:23 | Queue | Villager (Male) |
| 1:23 | Queue | Villager (Male) |
| 1:50 | Build | Lumber Camp |
| 1:55 | Build | House |
| 2:02 | Queue | Villager (Male) |
| 2:02 | Queue | Villager (Male) |
| 2:33 | Queue | Villager (Male) |
| 2:33 | Queue | Villager (Male) |
| 3:09 | Queue | Villager (Male) |
| 3:10 | Queue | Villager (Male) |
| 3:10 | Queue | Villager (Male) |
| 3:31 | Queue | Villager (Male) |
| 3:40 | Build | House |
| 3:57 | Queue | Villager (Male) |
| 3:57 | Queue | Villager (Male) |
| 4:25 | Build | Mill |
| 4:49 | Queue | Villager (Male) |
| 4:49 | Queue | Villager (Male) |
| 5:34 | Queue | Villager (Male) |
| 5:35 | Research | Loom |
| 5:54 | Queue | Villager (Male) |
| 5:54 | Research | Loom |
| 6:54 | Research | Feudal Age |
| 7:21 | Build | Barracks |
| 7:23 | Build | House |
| 8:38 | Queue | Villager (Male) |
| 8:38 | Queue | Villager (Male) |
| 8:54 | Build | House |
| 9:05 | Age | Feudal Age |
| 9:06 | Build | Stable |
| 9:10 | Research | Double-Bit Axe |
| 9:19 | Build | House |
| 9:20 | Build | Palisade Wall |
| 9:34 | Queue | Villager (Male) |
| 10:02 | Build | Palisade Wall |
| 10:04 | Build | Palisade Wall |
| 10:07 | Queue | Villager (Male) |
| 10:07 | Queue | Villager (Male) |
| 10:10 | Build | House |
| 10:12 | Build | Palisade Wall |
| 10:13 | Queue | Scout Cavalry |
| 10:13 | Queue | Scout Cavalry |
| 10:13 | Queue | Scout Cavalry |
| 10:32 | Build | Palisade Wall |
| 10:44 | Research | Horse Collar |
| 10:56 | Build | House |
| 11:03 | Queue | Villager (Male) |
| 11:04 | Queue | Villager (Male) |
| 11:04 | Queue | Villager (Male) |
| 11:18 | Build | Palisade Wall |
| 11:26 | Queue | Scout Cavalry |
| 11:26 | Queue | Scout Cavalry |
| 11:48 | Build | Palisade Wall |
| 11:51 | Queue | Villager (Male) |
| 11:53 | Queue | Villager (Male) |
| 11:57 | Build | Farm |
| 11:59 | Build | Farm |
| 12:02 | Build | Farm |
| 12:19 | Queue | Villager (Male) |
| 12:26 | Build | Farm |
| 12:28 | Build | Farm |
| 12:30 | Queue | Villager (Male) |
| 12:37 | Queue | Scout Cavalry |
| 12:38 | Queue | Scout Cavalry |
| 12:49 | Build | Farm |
| 12:53 | Queue | Villager (Male) |
| 13:01 | Queue | Villager (Male) |
| 13:04 | Build | Farm |
| 13:30 | Build | Blacksmith |
| 13:32 | Build | House |
| 13:36 | Queue | Villager (Male) |
| 13:38 | Queue | Scout Cavalry |
| 13:38 | Queue | Scout Cavalry |
| 13:44 | Queue | Villager (Male) |
| 14:16 | Build | Palisade Wall |
| 14:18 | Build | Palisade Wall |
| 14:23 | Research | Scale Barding Armor |
| 14:27 | Queue | Villager (Male) |
| 14:28 | Queue | Villager (Male) |
| 14:33 | Build | Farm |
| 14:37 | Build | Farm |
| 14:41 | Build | Farm |
| 14:54 | Queue | Scout Cavalry |
| 14:54 | Queue | Scout Cavalry |
| 14:54 | Queue | Scout Cavalry |
| 15:12 | Queue | Villager (Male) |
| 15:13 | Queue | Villager (Male) |
| 15:13 | Queue | Villager (Male) |
| 15:14 | Queue | Villager (Male) |
| 15:36 | Build | House |
| 15:38 | Build | House |
| 15:46 | Build | Farm |
| 16:18 | Build | Farm |
| 16:34 | Queue | Villager (Male) |
| 16:35 | Build | Farm |
| 16:39 | Build | House |
| 17:09 | Queue | Villager (Male) |
| 17:09 | Queue | Villager (Male) |
| 17:14 | Build | Farm |
| 17:15 | Build | Farm |
| 17:15 | Build | Farm |
| 17:15 | Build | Farm |
| 17:18 | Build | Farm |
| 17:22 | Build | House |
| 17:24 | Build | House |
| 17:27 | Build | House |
| 17:31 | Queue | Scout Cavalry |
| 17:31 | Queue | Scout Cavalry |
| 17:31 | Queue | Scout Cavalry |
| 17:34 | Build | Farm |
| 17:52 | Build | Stable |
| 18:12 | Build | House |
| 18:35 | Queue | Villager (Male) |
| 18:35 | Queue | Villager (Male) |
| 18:46 | Build | Farm |
| 18:50 | Queue | Scout Cavalry |
| 19:03 | Queue | Scout Cavalry |
| 19:03 | Queue | Scout Cavalry |
| 19:03 | Queue | Scout Cavalry |
| 19:04 | Queue | Scout Cavalry |
| 19:21 | Build | Farm |
| 19:57 | Queue | Villager (Male) |
| 19:58 | Queue | Villager (Male) |
| 20:06 | Research | Wheelbarrow |
| 20:30 | Build | Mining Camp |
| 20:33 | Build | House |
| 20:52 | Queue | Villager (Male) |
| 20:52 | Queue | Villager (Male) |
| 20:52 | Queue | Villager (Male) |
| 21:05 | Build | Palisade Gate |
| 21:13 | Build | Farm |
| 21:13 | Build | Farm |
| 21:14 | Build | Farm |
| 21:14 | Build | Farm |
| 21:57 | Build | Farm |
| 21:57 | Build | Farm |
| 22:36 | Queue | Villager (Male) |
| 22:36 | Queue | Villager (Male) |
| 22:37 | Queue | Villager (Male) |
| 23:10 | Build | Farm |
| 23:13 | Research | Castle Age |
| 23:27 | Build | Mining Camp |
| 23:34 | Build | House |
| 23:42 | Build | Watch Tower |
Build order — Yo
First 150 of 416 actions detected
| 0:00 | Queue | Villager (Male) |
| 0:01 | Queue | Villager (Male) |
| 0:02 | Build | House |
| 0:03 | Build | House |
| 0:10 | Queue | Villager (Male) |
| 0:14 | Queue | Villager (Male) |
| 0:14 | Queue | Villager (Male) |
| 1:25 | Queue | Villager (Male) |
| 1:26 | Queue | Villager (Male) |
| 1:54 | Queue | Villager (Male) |
| 1:54 | Queue | Villager (Male) |
| 1:55 | Build | Lumber Camp |
| 2:23 | Queue | Villager (Male) |
| 2:23 | Queue | Villager (Male) |
| 2:51 | Queue | Villager (Male) |
| 2:51 | Queue | Villager (Male) |
| 2:51 | Queue | Villager (Male) |
| 3:00 | Queue | Villager (Male) |
| 3:00 | Queue | Villager (Male) |
| 3:35 | Queue | Villager (Male) |
| 3:35 | Queue | Villager (Male) |
| 3:54 | Build | House |
| 4:05 | Queue | Villager (Male) |
| 4:05 | Queue | Villager (Male) |
| 4:30 | Build | Mill |
| 4:53 | Queue | Villager (Male) |
| 4:53 | Queue | Villager (Male) |
| 5:04 | Queue | Villager (Male) |
| 5:04 | Queue | Villager (Male) |
| 5:04 | Queue | Villager (Male) |
| 6:18 | Research | Loom |
| 6:44 | Research | Feudal Age |
| 6:44 | Research | Feudal Age |
| 7:24 | Build | Barracks |
| 7:55 | Build | House |
| 8:54 | Age | Feudal Age |
| 8:58 | Build | Stable |
| 9:02 | Research | Double-Bit Axe |
| 9:02 | Research | Double-Bit Axe |
| 9:07 | Queue | Villager (Male) |
| 9:10 | Research | Horse Collar |
| 9:19 | Queue | Villager (Male) |
| 9:28 | Build | Stone Wall |
| 9:42 | Build | Stone Wall |
| 9:46 | Queue | Scout Cavalry |
| 9:46 | Queue | Scout Cavalry |
| 9:51 | Build | House |
| 9:53 | Queue | Villager (Male) |
| 10:00 | Build | Stone Wall |
| 10:07 | Build | Stone Wall |
| 10:13 | Queue | Villager (Male) |
| 10:19 | Build | Farm |
| 10:26 | Build | Farm |
| 10:26 | Queue | Villager (Male) |
| 10:47 | Queue | Scout Cavalry |
| 10:48 | Queue | Scout Cavalry |
| 10:50 | Build | Farm |
| 10:59 | Queue | Villager (Male) |
| 11:00 | Queue | Villager (Male) |
| 11:07 | Build | Stone Wall |
| 11:10 | Build | Stone Wall |
| 11:13 | Queue | Villager (Male) |
| 11:19 | Build | House |
| 11:45 | Queue | Villager (Male) |
| 11:49 | Build | House |
| 11:51 | Build | House |
| 11:53 | Build | House |
| 12:01 | Build | Farm |
| 12:03 | Build | Farm |
| 12:07 | Queue | Scout Cavalry |
| 12:10 | Queue | Villager (Male) |
| 12:30 | Build | Stone Wall |
| 12:43 | Queue | Villager (Male) |
| 12:55 | Build | Stone Wall |
| 12:55 | Build | Stone Wall |
| 13:01 | Queue | Villager (Male) |
| 13:17 | Queue | Villager (Male) |
| 13:32 | Build | Mining Camp |
| 13:51 | Build | House |
| 13:52 | Build | Palisade Wall |
| 13:53 | Build | Palisade Wall |
| 13:57 | Queue | Villager (Male) |
| 14:03 | Build | Mining Camp |
| 14:11 | Queue | Villager (Male) |
| 14:22 | Build | Mill |
| 14:40 | Build | Palisade Gate |
| 14:44 | Queue | Villager (Male) |
| 14:51 | Build | Mill |
| 14:53 | Build | Farm |
| 14:53 | Build | Farm |
| 15:07 | Build | Blacksmith |
| 15:18 | Queue | Villager (Male) |
| 15:29 | Queue | Villager (Male) |
| 16:00 | Build | Farm |
| 16:00 | Build | Farm |
| 16:13 | Queue | Villager (Male) |
| 16:18 | Build | Farm |
| 16:19 | Build | Farm |
| 16:20 | Build | Farm |
| 16:41 | Queue | Villager (Male) |
| 17:09 | Research | Castle Age |
| 17:09 | Research | Castle Age |
| 17:13 | Build | Farm |
| 17:44 | Build | Stone Wall |
| 17:48 | Build | House |
| 17:51 | Build | House |
| 17:56 | Build | House |
| 17:57 | Build | House |
| 18:01 | Queue | Villager (Male) |
| 18:04 | Build | House |
| 18:10 | Build | House |
| 18:14 | Build | Palisade Wall |
| 18:17 | Build | Stone Wall |
| 18:39 | Build | Watch Tower |
| 18:43 | Build | Watch Tower |
| 18:53 | Queue | Villager (Male) |
| 19:12 | Build | Mill |
| 19:14 | Build | Farm |
| 19:49 | Age | Castle Age |
| 20:11 | Build | Town Center |
| 20:17 | Queue | Villager (Male) |
| 20:23 | Build | Farm |
| 20:25 | Build | Farm |
| 20:43 | Build | Castle |
| 20:49 | Build | Castle |
| 20:52 | Queue | Villager (Male) |
| 21:02 | Queue | Villager (Male) |
| 21:33 | Queue | Villager (Male) |
| 21:48 | Build | Town Center |
| 21:49 | Queue | Villager (Male) |
| 22:05 | Queue | Villager (Male) |
| 22:12 | Queue | Villager (Male) |
| 22:21 | Build | Stone Wall |
| 22:23 | Queue | Villager (Male) |
| 22:26 | Queue | Villager (Male) |
| 22:38 | Build | Town Center |
| 22:40 | Queue | Villager (Male) |
| 22:41 | Queue | Villager (Male) |
| 22:51 | Queue | Obuch |
| 22:51 | Queue | Obuch |
| 23:03 | Queue | Obuch |
| 23:03 | Queue | Obuch |
| 23:13 | Build | Mill |
| 23:14 | Build | Farm |
| 23:14 | Build | Farm |
| 23:14 | Build | Farm |
| 23:15 | Build | Farm |
| 23:15 | Queue | Villager (Male) |
| 23:16 | Queue | Villager (Male) |
| 23:24 | Queue | Villager (Male) |
Build order — LMG_SON SABANDIJAS
First 150 of 273 actions detected
| 0:00 | Queue | Villager (Male) |
| 0:01 | Queue | Villager (Male) |
| 0:02 | Build | House |
| 0:04 | Build | House |
| 0:19 | Queue | Villager (Male) |
| 0:24 | Queue | Villager (Male) |
| 1:21 | Queue | Villager (Male) |
| 1:21 | Queue | Villager (Male) |
| 1:51 | Queue | Villager (Male) |
| 1:51 | Queue | Villager (Male) |
| 1:52 | Queue | Villager (Male) |
| 2:15 | Build | Lumber Camp |
| 2:19 | Queue | Villager (Male) |
| 2:51 | Queue | Villager (Male) |
| 2:52 | Queue | Villager (Male) |
| 2:52 | Queue | Villager (Male) |
| 3:34 | Queue | Villager (Male) |
| 3:35 | Queue | Villager (Male) |
| 3:43 | Build | House |
| 3:52 | Queue | Villager (Male) |
| 3:53 | Queue | Villager (Male) |
| 3:53 | Queue | Villager (Male) |
| 4:14 | Queue | Villager (Male) |
| 4:14 | Queue | Villager (Male) |
| 4:14 | Queue | Villager (Male) |
| 4:25 | Queue | Villager (Male) |
| 4:25 | Queue | Villager (Male) |
| 5:26 | Queue | Villager (Male) |
| 5:31 | Queue | Villager (Male) |
| 5:31 | Queue | Villager (Male) |
| 5:47 | Build | Palisade Wall |
| 5:53 | Build | Mill |
| 5:55 | Queue | Villager (Male) |
| 5:56 | Queue | Villager (Male) |
| 6:09 | Queue | Villager (Male) |
| 6:09 | Queue | Villager (Male) |
| 6:26 | Research | Loom |
| 7:00 | Research | Feudal Age |
| 7:37 | Queue | Villager (Male) |
| 7:37 | Queue | Villager (Male) |
| 8:04 | Queue | Villager (Male) |
| 8:04 | Queue | Villager (Male) |
| 8:09 | Build | House |
| 8:14 | Build | Barracks |
| 9:16 | Age | Feudal Age |
| 9:19 | Build | Archery Range |
| 9:20 | Queue | Spearman |
| 9:20 | Queue | Spearman |
| 9:25 | Queue | Villager (Male) |
| 9:25 | Queue | Villager (Male) |
| 9:32 | Build | House |
| 9:38 | Research | Double-Bit Axe |
| 10:00 | Build | Mining Camp |
| 10:04 | Queue | Villager (Male) |
| 10:21 | Build | Palisade Wall |
| 10:33 | Queue | Villager (Male) |
| 10:43 | Build | House |
| 10:46 | Build | House |
| 11:08 | Queue | Archer |
| 11:08 | Queue | Archer |
| 11:08 | Queue | Archer |
| 11:14 | Queue | Villager (Male) |
| 11:24 | Queue | Skirmisher |
| 11:35 | Queue | Archer |
| 11:35 | Queue | Archer |
| 11:38 | Build | House |
| 11:41 | Build | Palisade Wall |
| 11:49 | Queue | Villager (Male) |
| 11:49 | Queue | Villager (Male) |
| 11:53 | Build | Palisade Wall |
| 11:55 | Build | Palisade Wall |
| 12:08 | Queue | Skirmisher |
| 12:12 | Build | Farm |
| 12:15 | Build | Farm |
| 12:15 | Build | Farm |
| 12:16 | Build | Farm |
| 12:16 | Build | Farm |
| 12:44 | Build | Palisade Wall |
| 12:46 | Build | Palisade Wall |
| 12:48 | Build | Palisade Wall |
| 12:50 | Build | Farm |
| 13:21 | Build | Farm |
| 13:32 | Queue | Villager (Male) |
| 13:32 | Queue | Villager (Male) |
| 13:47 | Build | Farm |
| 14:10 | Build | Palisade Wall |
| 14:18 | Build | Palisade Gate |
| 14:25 | Build | Palisade Gate |
| 14:29 | Queue | Villager (Male) |
| 14:29 | Queue | Villager (Male) |
| 14:37 | Queue | Archer |
| 14:37 | Queue | Archer |
| 15:03 | Build | Farm |
| 15:06 | Build | Farm |
| 15:06 | Build | Farm |
| 15:15 | Research | Horse Collar |
| 15:19 | Build | Farm |
| 15:19 | Build | Farm |
| 15:20 | Queue | Villager (Male) |
| 15:21 | Queue | Villager (Male) |
| 15:21 | Queue | Villager (Male) |
| 15:28 | Queue | Villager (Male) |
| 15:28 | Queue | Villager (Male) |
| 15:33 | Build | Farm |
| 16:00 | Build | Farm |
| 16:03 | Build | Farm |
| 16:03 | Queue | Villager (Male) |
| 16:04 | Queue | Villager (Male) |
| 16:20 | Queue | Villager (Male) |
| 16:24 | Build | Blacksmith |
| 16:31 | Queue | Villager (Male) |
| 16:31 | Queue | Villager (Male) |
| 16:58 | Build | House |
| 17:30 | Queue | Archer |
| 17:30 | Queue | Archer |
| 17:35 | Queue | Villager (Male) |
| 17:38 | Build | House |
| 17:38 | Queue | Villager (Male) |
| 17:40 | Build | Farm |
| 17:40 | Build | Farm |
| 17:40 | Build | Farm |
| 17:41 | Queue | Villager (Male) |
| 17:41 | Queue | Villager (Male) |
| 17:52 | Queue | Archer |
| 17:52 | Queue | Archer |
| 18:14 | Queue | Archer |
| 18:15 | Queue | Archer |
| 18:16 | Queue | Villager (Male) |
| 18:16 | Queue | Villager (Male) |
| 18:20 | Build | House |
| 18:38 | Queue | Archer |
| 18:43 | Research | Fletching |
| 18:44 | Queue | Villager (Male) |
| 19:12 | Queue | Archer |
| 19:56 | Queue | Villager (Male) |
| 20:07 | Build | Farm |
| 20:28 | Research | Castle Age |
| 20:28 | Research | Castle Age |
| 20:37 | Build | Barracks |
| 22:04 | Research | Padded Archer Armor |
| 22:19 | Queue | Villager (Male) |
| 22:39 | Queue | Archer |
| 22:39 | Queue | Archer |
| 22:52 | Queue | Archer |
| 23:02 | Build | Archery Range |
| 23:08 | Age | Castle Age |
| 23:09 | Research | Forging |
| 23:13 | Queue | Fire Lancer |
| 23:14 | Queue | Fire Lancer |
| 23:14 | Queue | Fire Lancer |
Match timeline
| 5:47 | LMG_SON SABANDIJAS · wall_segment Palisade Wall x4 |
| 7:21 | LMG_Leonardo · first_building Barracks |
| 7:24 | Yo · first_building Barracks |
| 8:14 | LMG_SON SABANDIJAS · first_building Barracks |
| 8:54 | Yo · age_up feudal |
| 8:58 | Yo · first_building Stable |
| 9:00 | Via · first_building Barracks |
| 9:05 | LMG_Leonardo · age_up feudal |
| 9:06 | LMG_Leonardo · first_building Stable |
| 9:16 | LMG_SON SABANDIJAS · age_up feudal |
| 9:17 | Via · age_up feudal |
| 9:18 | Via · wall_segment Palisade Wall x1 |
| 9:19 | LMG_SON SABANDIJAS · first_building Archery Range |
| 9:19 | Via · wall_segment Palisade Wall x1 |
| 9:20 | LMG_Leonardo · wall_segment Palisade Wall x4 |
| 9:28 | Yo · wall_segment Stone Wall x2 |
| 9:42 | Yo · wall_segment Stone Wall x11 |
| 9:45 | Via · wall_segment Palisade Wall x4 |
| 9:47 | Via · wall_segment Palisade Wall x2 |
| 10:00 | Yo · wall_segment Stone Wall x1 |
| 10:02 | LMG_Leonardo · wall_segment Palisade Wall x1 |
| 10:04 | LMG_Leonardo · wall_segment Palisade Wall x12 |
| 10:07 | Yo · wall_segment Stone Wall x10 |
| 10:12 | LMG_Leonardo · wall_segment Palisade Wall x8 |
| 10:16 | Via · first_building Archery Range |
| 10:21 | LMG_SON SABANDIJAS · wall_segment Palisade Wall x11 |
| 10:32 | LMG_Leonardo · wall_segment Palisade Wall x4 |
| 11:07 | Yo · wall_segment Stone Wall x4 |
| 11:10 | Yo · wall_segment Stone Wall x8 |
| 11:18 | LMG_Leonardo · wall_segment Palisade Wall x8 |
| 11:41 | LMG_SON SABANDIJAS · wall_segment Palisade Wall x13 |
| 11:48 | LMG_Leonardo · wall_segment Palisade Wall x1 |
| 11:53 | LMG_SON SABANDIJAS · wall_segment Palisade Wall x11 |
| 11:55 | LMG_SON SABANDIJAS · wall_segment Palisade Wall x4 |
| 11:57 | Via · wall_segment Palisade Wall x9 |
| 12:21 | Via · wall_segment Palisade Wall x1 |
| 12:30 | Yo · wall_segment Stone Wall x3 |
| 12:44 | LMG_SON SABANDIJAS · wall_segment Palisade Wall x1 |
| 12:46 | LMG_SON SABANDIJAS · wall_segment Palisade Wall x1 |
| 12:48 | LMG_SON SABANDIJAS · wall_segment Palisade Wall x1 |
| 12:55 | Yo · wall_segment Stone Wall x5 |
| 12:55 | Yo · wall_segment Stone Wall x3 |
| 13:49 | Via · wall_segment Palisade Wall x9 |
| 13:52 | Yo · wall_segment Palisade Wall x1 |
| 13:53 | Yo · wall_segment Palisade Wall x1 |
| 14:10 | LMG_SON SABANDIJAS · wall_segment Palisade Wall x1 |
| 14:16 | LMG_Leonardo · wall_segment Palisade Wall x9 |
| 14:18 | LMG_Leonardo · wall_segment Palisade Wall x13 |
| 15:41 | Via · wall_segment Palisade Wall x1 |
| 16:12 | Via · wall_segment Palisade Wall x14 |
| 17:44 | Yo · wall_segment Stone Wall x1 |
| 18:14 | Yo · wall_segment Palisade Wall x1 |
| 18:17 | Yo · wall_segment Stone Wall x1 |
| 19:49 | Yo · age_up castle |
| 19:51 | Via · first_market_buy 100 food |
| 20:43 | Yo · first_building Castle |
| 20:52 | Via · wall_segment Palisade Wall x1 |
| 20:53 | Via · wall_segment Palisade Wall x1 |
| 22:21 | Yo · wall_segment Stone Wall x1 |
| 22:35 | Via · age_up castle |
| 23:08 | LMG_SON SABANDIJAS · age_up castle |
| 23:15 | Via · wall_segment Palisade Wall x1 |
| 23:25 | Via · first_market_sell 100 wood |
| 23:45 | Yo · wall_segment Stone Wall x1 |
| 24:12 | LMG_SON SABANDIJAS · first_building Siege Workshop |
| 24:40 | Via · wall_segment Palisade Wall x8 |
| 26:00 | Via · wall_segment Palisade Wall x1 |
| 26:06 | LMG_Leonardo · age_up castle |
| 26:07 | Via · wall_segment Palisade Wall x1 |
| 26:27 | LMG_Leonardo · first_building Siege Workshop |
| 28:10 | Yo · wall_segment Stone Wall x1 |
| 29:45 | Yo · first_market_buy 100 stone |
| 30:58 | Via · first_building Stable |
| 31:08 | Via · wall_segment Palisade Wall x4 |
| 31:10 | Via · wall_segment Palisade Wall x6 |
| 31:12 | Via · wall_segment Palisade Wall x1 |
| 32:06 | LMG_SON SABANDIJAS · first_building Monastery |
| 35:24 | LMG_SON SABANDIJAS · resign |
| 35:47 | Via · wall_segment Palisade Wall x1 |
[ AI ANALYSIS · 1 CREDIT ]
What really happened in this match?
Wolo.gg analyzes every decision: build order, eco, micro, common mistakes by bracket. Personalized analysis on WhatsApp or Discord in 30 seconds.
Civ guide
Vietnamese
Perfil
Jugador #258202